 Dungeon Crawl Stone Soup version 0.18-a0-1643-gb89d9db (webtiles) character file.

168342 namename2 the Wrestler (level 17, -6/152 HPs)
             Began as a Ghoul Gladiator on Mar 28, 2016.
             Was the Champion of Pakellas.
             Mangled by Agnes
             ... wielding a +0 lajatang of venom
              (26 damage)
             ... on level 4 of the Spider Nest.
             The game lasted 02:18:34 (27649 turns).

namename2 the Wrestler (Ghoul Gladiator)           Turns: 27649, Time: 02:18:34

Health: -6/152     AC: 25    Str: 25      XL:     17   Next: 94%
Magic:  16/23      EV: 13    Int:  3      God:    Pakellas [******]
Gold:   2544       SH:  0    Dex: 18 (19) Spells: 0 memorised, 16 levels left

rFire  . . .     SeeInvis .       - Unarmed
rCold  + + .     Gourm    .     I - +6 scale mail of Nuezihei {*Drain rPois rC+ Str+4}
rNeg   + + +     Faith    .     (no shield)
rPois  ∞         Spirit   .     Z - +1 helmet
rElec  +         Dismiss  .     B - +1 cloak
rCorr  .         Reflect  .     (no gloves)
SustAt .         Harm     .     U - +1 pair of boots
MR     ++...                    M - amulet of the Air {Inacc +Fly rElec EV+5 RMsl}
Stlth  +.........               K - +4 ring of protection
                                H - ring "Raosuhox" {rElec MR+ Dex+5 Stlth+}

@: very slightly contaminated, rotting, repel missiles, very resistant to
hostile enchantments, very unstealthy
A: rotting body, claws 1, carnivore 3, cold resistance 1, negative energy
resistance 3, slow regeneration 1, torment resistance, unbreathing
a: Quick Charge, Device Surge, Supercharge, Renounce Religion, Evoke Flight


You were on level 4 of the Spider Nest.
You worshipped Pakellas.
Pakellas was exalted by your worship.
You were not hungry.

You visited 6 branches of the dungeon, and saw 31 of its levels.
You also visited: Labyrinth and Ice Cave.

You collected 3373 gold pieces.
You spent 829 gold pieces at shops.

Inventory:

Hand Weapons
 V - a +4 blowgun
Missiles
 c - 2 throwing nets
 g - 100 poisoned needles
 m - 4 needles of confusion
 z - 5 tomahawks of dispersal
 P - 6 javelins (quivered)
 W - 5 curare-tipped needles
Armour
 B - a +1 cloak (worn)
 I - the +6 scale mail of Nuezihei (worn) {*Drain rPois rC+ Str+4}
   (You took it off a red devil on level 8 of the Lair of Beasts)

   It affects your strength (+4).
   It protects you from cold.
   It protects you from poison.
   It causes draining when unequipped.
 N - the +1 helmet "Gagol" {*Corrode rN+ Dex+3 Slay+3}
   (You found it on level 13 of the Dungeon)

   It affects your dexterity (+3).
   It affects your accuracy and damage with ranged weapons and melee attacks
   (+3).
   It protects you from negative energy.
   It may corrode you when you take damage.
 U - a +1 pair of boots (worn)
 Z - a +1 helmet (worn)
Rods
 y - a +4 lightning rod (13/13)
   (Pakellas gifted it to you on level 10 of the Dungeon)
Jewellery
 n - an uncursed ring of protection from fire
 H - the ring "Raosuhox" (left claw) {rElec MR+ Dex+5 Stlth+}
   (You bought it in a shop on level 2 of the Orcish Mines)

   [ring of protection from magic]

   It affects your dexterity (+5).
   It insulates you from electricity.
   It affects your resistance to hostile enchantments.
   It makes you more stealthy.
 K - a +4 ring of protection (right claw)
 M - the amulet of the Air (around neck) {Inacc +Fly rElec EV+5 RMsl}
   (You found it on level 3 of the Lair of Beasts)

   [amulet of inaccuracy]

   It reduces the accuracy of all your attacks.
   It affects your evasion (+5).
   It insulates you from electricity.
   It lets you fly.
   It protects you from missiles.
Wands
 e - a wand of hasting (7/9)
 i - a wand of lightning (7/15)
 k - a wand of iceblast (10/15)
 r - a wand of digging (11/24)
 F - a wand of heal wounds (6/9)
 G - a wand of acid (13/15)
 L - a wand of confusion (14/48)
 R - a wand of paralysis (13/24)
 X - a wand of lightning (6/15)
Scrolls
 b - a scroll of recharging
 h - 6 scrolls of fog
 j - 3 scrolls of teleportation
 l - 2 scrolls of magic mapping
 o - 12 scrolls of remove curse
 t - 3 scrolls of identify
 v - 5 scrolls of blinking
 Y - a scroll of brand weapon
Potions
 f - 7 potions of curing
 p - 3 potions of haste
 s - a potion of resistance
 u - 4 potions of flight
 w - 3 potions of cancellation
 x - 3 potions of invisibility
 D - 2 potions of heal wounds
 J - 5 potions of might
 O - 20 potions of magic
 Q - 2 potions of agility
 T - a potion of brilliance
Miscellaneous
 q - a lamp of fire (inert)
 S - a stone of tremors
Comestibles
 d - 14 meat rations
 C - 8 beef jerkies
 E - 2 slices of pizza


   Skills:
 - Level 14.0 Fighting
 - Level 4.4 Throwing
 - Level 9.3 Armour
 - Level 4.1 Dodging
 + Level 24.1 Unarmed Combat
 - Level 10.0 Evocations


You had 16 spell levels left.
You didn't know any spells.

Dungeon Overview and Level Annotations

Branches:
Dungeon (15/15)            Temple (1/1) D:7            Lair (8/8) D:9
 Shoals (0/4) Lair:4       Spider (4/4) Lair:3        Slime (0/6) Lair:6
    Orc (2/2) D:9             Elf (0/3) Orc:2        Vaults (0/5) D:14
 Depths (1/5) D:15

Altars:
Ashenzari
Cheibriados
Dithmenos
Elyvilon
Fedhas
Gozag
Kikubaaqudgha
Makhleb
Nemelex Xobeh
Okawaru
Pakellas
Qazlal
Ru
Sif Muna
Trog
Vehumet
Xom
Yredelemnul
Zin
The Shining One
Jiyva

Shops:
D:10 *   Orc:2 }:%*

Portals:
Hell: Lair:8
Ziggurat: Depths:1

Annotations:
D:6 Menkaure
Lair:6 1 runed door
Spider:4 exclusion: Roxanne, Agnes, Roxanne


Innate Abilities, Weirdness & Mutations

Your body is rotting away.
You thrive on raw meat.
You are immune to poison.
You have sharp fingernails.
You are carnivorous and can eat meat at any time.
Your flesh is cold resistant.
You are immune to negative energy.
You regenerate slowly when monsters are visible.
You are immune to unholy pain and torment.
You can survive without breathing.


Message History

Agnes is heavily wounded.
Agnes misses you.
The jumping spider leaps!
You completely miss Agnes.
Agnes is heavily wounded.
The emperor scorpion stings you!!
* * * LOW HITPOINT WARNING * * *
The emperor scorpion claws you but does no damage. x2
Agnes hits you with a lajatang of venom!
* * * LOW HITPOINT WARNING * * *
Read which item? (? for menu, Esc to quit)
Blink to where?
Press: ? - help, Dir - move target cursor You are very lightly contaminated with residual magic.
As you read the scroll of blinking, it crumbles to dust.
The jumping spider leaps!
There is a stone staircase leading up here.
The jumping spider leaps!
Agnes hits you with a lajatang of venom!!
You die...
Pakellas says: Back to the drawing board!

##..#....#...###.^#.....#..#.##..
#^..####.#...#.#^.####....##..#..
..####.........##^..#.#..##...#.)
##.#.##...##.#...#..#.#.....###..
#..^...##......####.s..^.#..#.^.#
###.^##..####.......#.##.....^.##
#....^##.s......^#..#..#..^#...#.
#.###....#§..##i.#..#....##..###.
..#..§.##...#.§.@.........#/.....
..##§##...###.#..s.^##..^....^...
#^.##^#.^###....^###.............
....#^..##.##^..## #..^^≈.....^≈.
..#.....#.....#^# #....#.....#..
.###.^#.#.......# #.^%.#....≈#.^
.#...###^#..#/<## #....#.s...#^.
.#..#.......#..# #^....#.....#..
^####..<#...#..# #≈....#....^#..


You could see an emperor scorpion, Agnes and a jumping spider.

Vanquished Creatures
  Frances (D:14)
  A frost giant (IceCv)
  A ghost moth (Spider:4)
  2 emperor scorpions
  A stone giant (Depths:1)
  Azrael (Spider:2)
  3 spark wasps
  The ghost of Sargon the Grappler, a journeyman TrMo of the Shining One (Lair:4)
  A vampire knight (Depths:1)
  A dire elephant (Lair:8)
  2 ettins
  Snorg (Lair:7)
  A vault guard (D:14)
  A minotaur (Lab)
  2 ogre magi (Orc:2)
  2 fire dragons
  9 entropy weavers
  8 hydras
  A hell beast (Lair:8)
  A rakshasa (Depths:1)
  3 centaur warriors
  A dancing weapon (Orc:2)
  4 tengu warriors
  An orc high priest (Orc:2)
  4 death yaks (Lair:7)
  Sonja (D:12)
  The ghost of braks the Zephyrmancer, a novice DrAE of Vehumet (D:8)
  A hell knight (D:15)
  A fire crab (Lair:7)
  2 unseen horrors (D:14)
  2 deep trolls
  6 hill giants
  37 wolf spiders
  3 cyclopes
  3 manticores
  A wizard (Lair:8)
  23 orb spiders
  3 hornets
  18 ugly things
  3 moths of wrath
  6 elephants (Lair:7)
  2 griffons
  An ice statue (IceCv)
  6 black mambas
  A gargoyle (D:13)
  8 spiny frogs
  6 orange demons (Lair:8)
  An ice devil (Lair:8)
  12 demonic crawlers
  10 komodo dragons
  A yaktaur (Depths:1)
  2 hellwings
  3 rime drakes
  2 red devils (Lair:8)
  13 polar bears (IceCv)
  47 jumping spiders
  12 trolls
  9 two-headed ogres
  A slime creature (D:13)
  10 blink frogs
  A blink frog (shapeshifter) (D:14)
  2 boulder beetles
  98 redbacks
  A spriggan (D:7)
  39 yaks
  3 wraiths
  3 shadows
  41 tarantellas
  3 vampire mosquitoes (D:12)
  2 wyverns
  2 fire elementals (Spider:2)
  A hungry ghost (D:13)
  4 basilisks
  4 hippogriffs
  A steam dragon (D:14)
  A mottled dragon (D:14)
  18 water moccasins
  6 hell hounds
  Duvessa (D:6)
  16 orc warriors
  10 porcupines
  2 eyes of draining
  9 ice beasts
  2 black bears
  5 wasps
  21 ogres
  19 wolves
  11 centaurs
  13 crocodiles
  A big kobold (D:9)
  15 giant frogs
  3 wyvern zombies (D:14)
  A gnoll sergeant (D:10)
  Dowan (D:6)
  3 scorpions
  16 killer bees
  15 wights
  2 electric eels
  4 howler monkeys (D:10)
  5 crimson imps
  2 quasits
  2 centaur zombies
  5 hounds
  6 jellies
  10 orc wizards
  2 centaur skeletons
  14 orc priests
  6 iguanas
  4 worker ants
  Natasha (thrice) (D:2)
  A killer bee zombie (D:9)
  22 sheep
  2 hound skeletons
  A worker ant zombie (D:9)
  15 adders
  10 gnolls
  54 river rats
  2 shadow imps
  An adder skeleton (D:7)
  A dart slug (D:4)
  4 giant geckos
  64 orcs
  4 giant cockroaches
  7 goblins
  7 hobgoblins
  9 jackals
  3 quokkas
  7 bats
  2 giant newts
  8 kobolds
  A quokka zombie (D:7)
  5 rats
1001 creatures vanquished.

Vanquished Creatures (collateral kills)
  An orb spider (Spider:2)
  A redback (Spider:2)
2 creatures vanquished.

Vanquished Creatures (others)
  An orb spider (Spider:2)
  15 fungi
  9 plants
25 creatures vanquished.

Grand Total: 1028 creatures vanquished

Notes
Turn   | Place    | Note
--------------------------------------------------------------
     0 | D:1      | namename2 the Ghoul Gladiator began the quest for the Orb.
     0 | D:1      | Reached XP level 1. HP: 17/17 MP: 0/0
   131 | D:1      | Reached XP level 2. HP: 19/24 MP: 1/1
   396 | D:1      | Reached skill level 4 in Unarmed Combat
   825 | D:2      | Reached XP level 3. HP: 29/29 MP: 2/2
  1117 | D:2      | Noticed Natasha
  1124 | D:2      | Killed Natasha
  1124 | D:2      | Reached skill level 5 in Unarmed Combat
  1124 | D:2      | Reached XP level 4. HP: 24/36 MP: 3/3
  1140 | D:2      | Noticed Natasha
  1146 | D:2      | HP: 1/34 [rotting (potion of beneficial mutation)]
  1157 | D:2      | Killed Natasha
  1180 | D:2      | Noticed Natasha
  1188 | D:2      | Killed Natasha
  1188 | D:2      | Reached skill level 6 in Unarmed Combat
  1224 | D:3      | Reached XP level 5. HP: 36/41 MP: 4/4
  1743 | D:3      | Reached skill level 7 in Unarmed Combat
  1743 | D:3      | Reached XP level 6. HP: 32/48 MP: 5/5
  1882 | D:3      | Found a glowing drain.
  2222 | D:4      | Found a burning altar of Makhleb.
  2222 | D:4      | Noticed a blizzard demon
  2258 | D:4      | Reached skill level 8 in Unarmed Combat
  2629 | D:4      | Reached XP level 7. HP: 43/55 MP: 6/6
  2689 | D:5      | Entered Level 5 of the Dungeon
  2902 | D:5      | Found an iron altar of Okawaru.
  3193 | D:6      | Reached skill level 9 in Unarmed Combat
  3198 | D:6      | Noticed Menkaure
  3449 | D:6      | Reached XP level 8. HP: 36/65 MP: 4/7
  3513 | D:5      | Reached skill level 10 in Unarmed Combat
  3647 | D:6      | Noticed Duvessa
  3651 | D:6      | Noticed Dowan
  3659 | D:6      | Killed Duvessa
  3659 | D:6      | Reached skill level 5 in Fighting
  3676 | D:6      | Killed Dowan
  4137 | D:7      | Reached XP level 9. HP: 24/71 MP: 4/8
  4519 | D:7      | Reached skill level 11 in Unarmed Combat
  4602 | D:7      | Found a glowing silver altar of Zin.
  4984 | D:7      | Found a staircase to the Ecumenical Temple.
  4995 | Temple   | Entered the Ecumenical Temple
  5096 | Temple   | Became a worshipper of Pakellas the Inventive
  5424 | D:8      | Noticed braks's ghost (novice DrAE)
  5443 | D:8      | Killed braks's ghost
  5576 | D:8      | Reached * piety under Pakellas
  5916 | D:9      | Found a staircase to the Lair.
  5964 | D:9      | Found a staircase to the Orcish Mines.
  6078 | D:9      | Reached XP level 10. HP: 88/88 MP: 2/12
  6430 | D:9      | Noticed a tengu warrior
  6430 | D:9      | Noticed a green ugly thing
  6565 | D:9      | Reached skill level 12 in Unarmed Combat
  6657 | D:9      | Killed a green ugly thing
  6694 | D:9      | Killed a tengu warrior
  6786 | D:9      | Found a deep blue altar of Sif Muna.
  7048 | D:9      | Reached skill level 10 in Fighting
  7063 | D:10     | Entered Level 10 of the Dungeon
  7076 | D:10     | Reached ** piety under Pakellas
  7076 | D:10     | Received a gift from Pakellas
  7223 | D:10     | Noticed a manticore
  7232 | D:10     | Killed a manticore
  7429 | D:10     | Found Noonzipp's Needful Niceties.
  7490 | D:10     | Reached skill level 13 in Unarmed Combat
  7882 | D:11     | Reached skill level 1 in Armour
  7882 | D:11     | Reached XP level 11. HP: 85/99 MP: 13/13
  7987 | D:11     | Found a frozen archway.
  8069 | IceCv    | Entered an ice cave
  8282 | IceCv    | Reached *** piety under Pakellas
  8301 | IceCv    | Reached skill level 5 in Evocations
  8640 | IceCv    | Reached skill level 14 in Unarmed Combat
  8744 | IceCv    | Noticed a frost giant
  8783 | IceCv    | Killed a frost giant
  8783 | IceCv    | Reached XP level 12. HP: 14/110 MP: 14/14
  9442 | D:10     | Reached **** piety under Pakellas
  9442 | D:10     | Received a gift from Pakellas
  9822 | D:12     | Noticed a five-headed hydra
  9836 | D:12     | Killed a five-headed hydra
  9867 | D:12     | Found a labyrinth entrance.
  9890 | Lab      | Entered a labyrinth
 10034 | Lab      | Noticed a minotaur
 10051 | Lab      | Killed a minotaur
 10060 | Lab      | Identified the Tome of Clay (You found it in a labyrinth)
 10183 | D:12     | Noticed Sonja
 10193 | D:12     | Killed Sonja
 10318 | D:12     | Reached skill level 15 in Unarmed Combat
 10461 | D:13     | Found a viscous altar of Jiyva.
 10603 | D:13     | Noticed a centaur warrior
 10615 | D:13     | Killed a centaur warrior
 10862 | D:13     | Noticed a seven-headed hydra
 10868 | D:13     | Killed a seven-headed hydra
 10868 | D:13     | Reached ***** piety under Pakellas
 11034 | D:13     | Got a pitted helmet
 11045 | D:13     | Identified the +1 helmet "Gagol" {*Corrode rN+ Dex+3 Slay+3} (You found it on level 13 of the Dungeon)
 11550 | Orc:1    | Entered Level 1 of the Orcish Mines
 11600 | Orc:1    | Reached XP level 13. HP: 111/118 MP: 16/16
 11606 | Orc:1    | Reached skill level 16 in Unarmed Combat
 11687 | Orc:2    | Entered Level 2 of the Orcish Mines
 11773 | Lair:1   | Entered Level 1 of the Lair of Beasts
 11852 | Lair:1   | Found a burning altar of Makhleb.
 12836 | Lair:2   | Reached skill level 17 in Unarmed Combat
 12961 | Lair:2   | Reached ****** piety under Pakellas
 14050 | Lair:3   | Found a hole to the Spider Nest.
 14334 | Lair:3   | Reached skill level 18 in Unarmed Combat
 14344 | Lair:4   | Noticed Sargon's ghost (journeyman TrMo)
 14386 | Lair:4   | Killed Sargon's ghost
 14489 | Lair:4   | Found a staircase to the Shoals.
 15304 | Lair:5   | Received a gift from Pakellas
 15804 | Lair:6   | Found a runed door.
 15805 | Lair:6   | Found a viscous altar of Jiyva.
 15807 | Lair:6   | Found a staircase to the Slime Pits.
 16000 | Lair:6   | Reached XP level 14. HP: 70/129 MP: 17/17
 16600 | Lair:7   | Reached skill level 5 in Armour
 17300 | Lair:8   | Entered Level 8 of the Lair of Beasts
 17300 | Lair:8   | Noticed Snorg
 17313 | Lair:7   | Killed Snorg
 17807 | Lair:8   | Noticed a dire elephant
 18174 | Lair:8   | Found a burning altar of Makhleb.
 18340 | Lair:8   | Got an ichor-stained scale mail
 18355 | Lair:8   | Identified the +6 scale mail of Nuezihei {*Drain rPois rC+ Str+4} (You took it off a red devil on level 8 of the Lair of Beasts)
 18382 | Lair:8   | Found a gateway to Hell.
 18731 | Lair:8   | Killed a dire elephant
 18731 | Lair:8   | Reached XP level 15. HP: 88/138 MP: 18/18
 18888 | Spider:1 | Entered Level 1 of the Spider Nest
 19177 | Orc:1    | Reached skill level 19 in Unarmed Combat
 19348 | Orc:2    | Found Kauzixiz's General Store.
 19778 | Orc:2    | Found Raetey's Book Boutique.
 19817 | Orc:2    | Received a gift from Pakellas
 19852 | Orc:2    | Found Mon Tet's Gadget Emporium.
 19861 | Orc:2    | Found Yfus's Food Shop.
 20204 | Orc:2    | Found a staircase to the Elven Halls.
 20254 | Orc:2    | Bought the ring "Raosuhox" {rElec MR+ Dex+5 Stlth+} for 784 gold pieces
 20259 | Orc:2    | Bought a scroll of teleportation for 45 gold pieces
 20481 | D:14     | Found a white marble altar of Elyvilon.
 20567 | D:14     | Noticed Frances
 20587 | D:14     | Killed Frances
 21046 | D:14     | Identified a scroll of acquirement
 21049 | D:14     | Got an ancient buckler
 21055 | D:14     | Identified the +2 buckler of Mucre {rPois rF- MP+9 Stlth+} (You acquired it on level 14 of the Dungeon)
 21130 | D:14     | You fall through a shaft!
 21130 | D:15     | Entered Level 15 of the Dungeon
 21146 | D:15     | Reached skill level 20 in Unarmed Combat
 21442 | D:15     | Found a staircase to the Depths.
 21889 | D:14     | Reached XP level 16. HP: 73/146 MP: 21/21
 22326 | D:14     | Found a gate to the Vaults.
 22404 | Depths:1 | Entered Level 1 of the Depths
 22527 | Depths:1 | Reached skill level 21 in Unarmed Combat
 22708 | Depths:1 | Found a gateway to a ziggurat.
 22708 | Depths:1 | Noticed a lich
 23720 | Spider:1 | Reached skill level 22 in Unarmed Combat
 24307 | Spider:2 | Noticed Azrael
 24646 | Spider:2 | Received a gift from Pakellas
 24654 | Spider:2 | Reached XP level 17. HP: 128/152 MP: 23/23
 24718 | Spider:2 | Reached skill level 10 in Evocations
 24899 | Spider:2 | Killed Azrael
 25531 | Spider:3 | Reached skill level 23 in Unarmed Combat
 26639 | Spider:4 | Entered Level 4 of the Spider Nest
 26816 | Spider:4 | Noticed Roxanne
 27405 | Spider:4 | Reached skill level 24 in Unarmed Combat
 27455 | Spider:4 | Noticed Agnes
 27649 | Spider:4 | Mangled by Agnes

Vault maps used:
D:1:      lightli_iron_boxes
D:2:      uniq_natasha
D:3:      portal_sewer_entry_d, first_bread
D:4:      makhleb_altar_promises_db
D:5:      okawaru_ov_weapons_minmay, minmay_misc_feat_four_crosses
D:6:      uniq_menkaure, uniq_duvessa
D:7:      kennysheep_mini_moat, temple_hall, the_bakery
D:9:      kennysheep_big_flooded_room, led_sif_pool, lair_0_dummy, orc_0_dummy
D:10:     nicolae_alphabet_shops
D:11:     portal_ice_cave_entry_ice_beasts
D:12:     lab_entry_generic, uniq_sonja
D:13:     jiyva_altar_1
D:14:     david_vaults_5, elyvilon_altar_5, uniq_frances
D:15:     hangedman_depths_entry_civil_slaughter, serial_bayou_ford_a
Temple:   lightli_temple_of_artemis
Lair:1:   lemuel_centaur_altar
Lair:2:   cheibrodos_lair_reptile_den
Lair:3:   spider_nest_entry_funnel_web
Lair:4:   elwin_shoals_entry_rocks, bh_autumn_forest_stairs
Lair:5:   minivault_24, grunt_megastairs_5, lemuel_fruit_fields
Lair:6:   slime_altar_2, hibernation_bobbens
Lair:8:   evil_forest, grunt_megastairs_4, uniq_snorg
Spider:1: nicolae_spider_hall_of_the_moth_king, hangedman_spider_trapstep
Spider:2: nicolae_spider_webs_and_nodes, nicolae_spider_circle_web, uniq_azrael
Spider:3: spider_trap
Spider:4: grunt_spider_rune_parallel, uniq_roxanne, uniq_agnes
Orc:2:    st_orc_open
Depths:1: enter_ziggurat_d, hellmouth_1, serial_sigils_hangedman_writhe,
          serial_shops, nicolae_shop_behind_doors, lightli_fourway_metalbox,
          grunt_megastairs_2, serial_bayou_shore_b
Lab:      nicolae_lab_dead_adventurers, nicolae_lab_x, nicolae_lab_lava,
          lab_statue, nicolae_lab_starburst, nicolae_lab_very_dead_end,
          labyrinth_lava_lair, nicolae_lab_stuck, nicolae_lab_do_over,
          labyrinth_skeletal_remains
IceCv:    ice_cave_small_giant

Skill      XL: |  1  2  3  4  5  6  7  8  9 10 11 12 13 14 15 16 17 |
---------------+----------------------------------------------------+-----
Unarmed Combat | 4 5 6 7 8 9 10 11 13 14 15 18 20 22 24 | 24.1
Fighting       | 3 5 8 10 11 12 13 14 | 14.0
Throwing       | 4 |  4.4
Evocations     | 4 5 6 8 9 10 | 10.0
Armour         | 1 4 9 |  9.3
Dodging        | 4 |  4.1

Action                   |  1- 3 |  4- 6 |  7- 9 | 10-12 | 13-15 | 16-18 || total
-------------------------+-------+-------+-------+-------+-------+-------++-------
Melee: Unarmed           |    82 |   136 |   292 |   608 |  1564 |  1135 ||  3817
Throw: Throwing net      |       |     6 |     4 |     2 |       |       ||    12
       Javelin           |       |       |     2 |       |     4 |     8 ||    14
Invok: Quick Charge      |       |       |       |     3 |     1 |     8 ||    12
       Device Surge      |       |       |       |       |       |     1 ||     1
Evoke: Wand              |       |       |       |    57 |    27 |    17 ||   101
       Rod               |       |       |       |     4 |     8 |       ||    12
       Lamp of fire      |       |       |       |       |       |     1 ||     1
  Use: Scroll            |     1 |     1 |     3 |    13 |    20 |    12 ||    50
       Potion            |       |     6 |       |     2 |     2 |     3 ||    13
 Stab: Held in net/web   |       |     2 |     1 |     3 |       |       ||     6
       Sleeping          |       |     1 |     3 |       |     1 |       ||     5
       Confused          |       |       |       |     7 |       |     1 ||     8
       Distracted        |       |       |       |       |     1 |       ||     1
  Eat: Chunk             |     6 |    20 |    41 |   104 |   219 |   155 ||   545
